 Dungeon Crawl Stone Soup version 0.19.5 (webtiles) character file.

59 tidbits the Grave Robber (level 3, 1/22 HPs)
             Began as a High Elf Necromancer on Oct 31, 2017.
             Was an Initiate of Makhleb.
             Quit the game on level 4 of the Dungeon.
             The game lasted 00:14:29 (1507 turns).

tidbits the Grave Robber (High Elf Necromancer)     Turns: 1507, Time: 00:14:30

Health: 1/22       AC:  6    Str: 11 (13) XL:     3   Next: 78%
Magic:  1/8        EV: 11    Int: 17 (18) God:    Makhleb [......]
Gold:   188        SH:  0    Dex: 15 (16) Spells: 4 memorised, 0 levels left

rFire  . . .     SeeInvis .     a - +0 hunting sling
rCold  . . .     Gourm    .     B - +0 ring mail
rNeg   . . .     Faith    .     (no shield)
rPois  .         Spirit   .     (helmet restricted)
rElec  .         Reflect  .     (no cloak)
rCorr  .         Harm     +     (no gloves)
MR     .....                    F - +0 pair of boots
Stlth  +.........               d - amulet of harm
                                (no ring)
                                (no ring)

@: mighty, lethally poisoned (1 -> -15)
A: horns 1
a: Renounce Religion


You were on level 4 of the Dungeon.
You worshipped Makhleb.
Makhleb was noncommittal.
You were not hungry.

You visited 2 branches of the dungeon, and saw 5 of its levels.

You collected 188 gold pieces.

Inventory:

Hand Weapons
 a - a +0 hunting sling (weapon)
   (You found it on level 1 of the Dungeon)
 b - a +0 dagger
   (You took it off a goblin on level 1 of the Dungeon)
 k - a +0 trident
   (You took it off an orc on level 3 of the Dungeon)
Missiles
 f - 36 stones (quivered)
 v - 10 arrows
Armour
 o - a +0 robe
 B - a +0 ring mail (worn)
   (You found it on level 1 of the Dungeon)
 F - a +0 pair of boots (worn)
   (You found it on level 1 of the Dungeon)
Jewellery
 d - an amulet of harm (around neck)
   (You found it on level 4 of the Dungeon)
 m - an uncursed ring of ice
   (You found it on level 4 of the Dungeon)
Scrolls
 g - 2 scrolls of recharging {unknown}
 i - 3 scrolls of identify
 j - a scroll of fog {unknown}
 l - a scroll of random uselessness {unknown}
 p - a scroll of blinking {unknown}
 q - a scroll of teleportation {unknown}
 r - a scroll of magic mapping {unknown}
 w - a scroll of remove curse {unknown}
Books
 e - a book of Necromancy

   Spells                             Type                      Level
   a - Pain                           Necromancy                   1
   b - Animate Skeleton               Necromancy                   1
   c - Vampiric Draining              Necromancy                   3
   d - Regeneration                   Charms/Necromancy            3
   e - Animate Dead                   Necromancy                   4
   f - Control Undead                 Necromancy                   4
Comestibles
 c - 2 bread rations
 h - a meat ration
 s - 7 fruits


   Skills:
 + Level 0.6 Fighting
 + Level 0.5 Armour
 - Level 2.1 Dodging
 - Level 2.1 Stealth
 - Level 3.0 Spellcasting
 - Level 1.0 Charms
 - Level 4.0 Necromancy


You couldn't memorise any spells.
You knew the following spells:

 Your Spells              Type           Power        Failure   Level  Hunger
a - Pain                  Necr           ###.         10%         1    None
n - Animate Skeleton      Necr           N/A          10%         1    None
r - Regeneration          Chrm/Necr      ##........   52%         3    ###....
v - Vampiric Draining     Necr           ###.......   28%         3    ###....


Dungeon Overview and Level Annotations

Branches:
Dungeon (4/15)             Temple (1/1) D:4

Altars:
Dithmenos
Makhleb
Ru
Yredelemnul
Zin
The Shining One

Shops:
D:4 *


Innate Abilities, Weirdness & Mutations

You have a pair of small horns on your head.


Message History

Firing (i - inventory. (,) - cycle):
n - 5 sling bullets (quivered)
Press: ? - help, Shift-Dir - straight line, f/p - adder
Aim: an adder You shoot a sling bullet.
The sling bullet hits the adder.
The adder is severely wounded.
Firing (i - inventory. (,) - cycle):
n - 4 sling bullets (quivered)
Press: ? - help, Shift-Dir - straight line, f/p - adder
Aim: an adder (severely wounded)
You shoot a sling bullet. The sling bullet barely misses the rat.
The sling bullet misses the adder.
Firing (i - inventory. (,) - cycle):
n - 3 sling bullets (quivered)
Press: ? - help, Shift-Dir - straight line, f/p - adder
Aim: an adder (severely wounded)
You shoot a sling bullet. The sling bullet barely misses the rat.
The sling bullet misses the adder.
The rat closely misses you.
Casting: Pain
Confirm with . or Enter, or press ? or * to list all spells.
Aiming: Pain
Press: ? - help, Shift-Dir - straight line, f/p - adder
Aim: an adder (severely wounded, chance to defeat MR: 80%)
The rat writhes in agony!
You kill the rat!
Makhleb accepts your kill.
Casting: Pain
Confirm with . or Enter, or press ? or * to list all spells.
Aiming: Pain
Press: ? - help, Shift-Dir - straight line, f/p - adder
Aim: an adder (severely wounded, chance to defeat MR: 80%)
The adder writhes in agony!
The adder closely misses you. x2
Casting: Pain
Confirm with . or Enter, or press ? or * to list all spells.
Aiming: Pain
Press: ? - help, Shift-Dir - straight line, f/p - adder
Aim: an adder (almost dead, chance to defeat MR: 80%)
The adder writhes in agony!
You kill the adder!
Makhleb accepts your kill.
You feel your intelligence returning.
A worker ant comes into view.
Firing (i - inventory. (,) - cycle):
n - 2 sling bullets (quivered)
Press: ? - help, Shift-Dir - straight line, f - worker ant
Aim: a worker ant (hasn't noticed you)
You shoot a sling bullet.
The sling bullet closely misses the worker ant.
Firing (i - inventory. (,) - cycle):
n - a sling bullet (quivered)
Press: ? - help, Shift-Dir - straight line, f/p - worker ant
Aim: a worker ant You shoot a sling bullet.
The sling bullet barely misses the worker ant.
Firing (i - inventory):
f - 37 stones (quivered)
Press: ? - help, Shift-Dir - straight line, f/p - worker ant
Aim: a worker ant You shoot a stone.
The stone hits the worker ant.
The worker ant is lightly wounded.
Casting: Pain
Confirm with . or Enter, or press ? or * to list all spells.
Aiming: Pain
Press: ? - help, Shift-Dir - straight line, f/p - worker ant
Aim: a worker ant (lightly wounded, chance to defeat MR: 81%)
The worker ant writhes in agony!
Casting: Pain
Confirm with . or Enter, or press ? or * to list all spells.
Aiming: Pain
Press: ? - help, Shift-Dir - straight line, f/p - worker ant
Aim: a worker ant (lightly wounded, chance to defeat MR: 81%)
The worker ant writhes in agony!
The worker ant bites you.
Casting: Pain
Confirm with . or Enter, or press ? or * to list all spells.
Aiming: Pain
Press: ? - help, Shift-Dir - straight line, f/p - worker ant
Aim: a worker ant (moderately wounded, chance to defeat MR: 81%)
The worker ant barely resists.
The worker ant barely misses you.
Casting: Pain
Confirm with . or Enter, or press ? or * to list all spells.
Aiming: Pain
Press: ? - help, Shift-Dir - straight line, f/p - worker ant
Aim: a worker ant (moderately wounded, chance to defeat MR: 81%)
The worker ant barely resists.
The worker ant bites you.
* * * LOW HITPOINT WARNING * * *
Casting: Pain
Confirm with . or Enter, or press ? or * to list all spells.
Aiming: Pain
Press: ? - help, Shift-Dir - straight line, f/p - worker ant
Aim: a worker ant (moderately wounded, chance to defeat MR: 81%)
The worker ant writhes in agony!
The worker ant bites you.
* * * LOW HITPOINT WARNING * * *
You are lethally poisoned!
The worker ant poisons you!
It was a potion of beneficial mutation.
A pair of horns grows on your head!
You feel fantastic!
* * * LOW HITPOINT WARNING * * *
You feel sick. The worker ant barely misses you.
It was a potion of might.
You feel very mighty all of a sudden. The worker ant bites you.
* * * LOW HITPOINT WARNING * * *
You are more poisoned.
The worker ant poisons you! The worker ant barely misses you.
Are you sure you want to abandon this character and quit the game? (Confirm with "yes".)

..........#.#.##.##..###
(..#..........##......##
..(................##..#.
(.(.......#.......#.....
.)((...#..#.............
...(.....#.......#...#.
#........#..####.##.##. #a...#..#
#....... ###.@#.#..# ##.##...
.............# #.##...
#.####..#.....# #.##...
...........####.#....
............##........ .....
...............##.....#.# .. ...
#....###........##.....#.# ..
...............)...##.....#.#
.####.##....#...#...#..##.....#..


You could see a worker ant.

Vanquished Creatures
  An adder (D:4)
  An adder skeleton (D:4)
  A worm (D:4)
  2 orcs (D:3)
  13 bats
  4 giant cockroaches
  2 goblins
  5 hobgoblins
  3 kobolds
  A ball python (D:2)
  3 frilled lizards
  7 rats
43 creatures vanquished.

Vanquished Creatures (collateral kills)
  A rat (D:1)
1 creature vanquished.

Grand Total: 44 creatures vanquished

Notes
Turn   | Place    | Note
-------+----------+-------------------------------------------
     0 | D:1      | tidbits the High Elf Necromancer began the quest for the Orb.
     0 | D:1      | Reached XP level 1. HP: 11/11 MP: 4/4
   156 | D:1      | Learned a level 1 spell: Animate Skeleton
   204 | D:1      | Reached XP level 2. HP: 7/17 MP: 2/6
   798 | D:3      | Reached skill level 3 in Spellcasting
   798 | D:3      | Reached XP level 3. HP: 6/21 MP: 2/8
   831 | D:3      | Learned a level 3 spell: Vampiric Draining
   835 | D:3      | Learned a level 3 spell: Regeneration
   969 | D:2      | Reached skill level 4 in Necromancy
  1085 | D:4      | Found a staircase to the Ecumenical Temple.
  1094 | Temple   | Entered the Ecumenical Temple
  1130 | Temple   | Became a worshipper of Makhleb the Destroyer
  1181 | D:4      | Reached skill level 1 in Charms
  1292 | D:4      | Found Iydduss's Incredible Inventory.
  1505 | D:4      | Gained mutation: You have a pair of small horns on your head. [potion of beneficial mutation]
  1505 | D:4      | HP: 2/22 [poisoned by a worker ant]
  1507 | D:4      | Quit the game

Skill      XL: |  1  2  3 |
---------------+----------+-----
Spellcasting   | 3 |  3.0
Necromancy     | 4 |  4.0
Charms         | 1 |  1.0
Fighting       | |  0.6
Armour         | |  0.5
Dodging        | |  2.1
Stealth        | |  2.1

Action                   || total
-------------------------++-------
Melee: Trident           ||    11
       Unarmed           ||     8
 Fire: Hunting sling     ||    43
Throw: Stone             ||     1
 Cast: Pain              ||    65
       Animate Skeleton  ||     1
       Regeneration      ||     1
  Use: Potion            ||     4
       Scroll            ||     1
  Eat: Pizza             ||     1
       Chunk             ||     1
Armor: Ring mail         ||    13
       Robe              ||     2
       Skin              ||     4
Dodge: Dodged            ||    27

Table legend:
 A = Turns spent in this place as a percentage of turns spent in the entire game.
 B = Non-inter-level travel turns spent in this place as a percentage of non-inter-level travel turns spent in the entire game.
 C = Inter-level travel turns spent in this place as a percentage of turns spent in this place.
 D = Turns resting spent in this place as a percentage of non-inter-level travel turns spent in this place.
 E = Turns spent auto-exploring this place as a percentage of non-inter-level travel turns spent in this place.
 F = Non-inter-level travel turns spent in this place divided by the number of levels of this place that you've seen.
                   A       B       C       D       E      F
               +-------+-------+-------+-------+-------+----------------------
         Total | 100.0 | 100.0 |   0.1 |   0.0 |   0.0 | 290.4
       Dungeon |  97.4 |  97.5 |   0.0 |   0.0 |   0.0 | 353.8
        Temple |   2.6 |   2.5 |   2.6 |   0.0 |   0.0 |  37.0
               +-------+-------+-------+-------+-------+----------------------

Table legend:
 A = Kills in this place as a percentage of kills in entire the game.
 B = Kills by you in this place as a percentage of kills by you in the entire game.
 C = Kills by friends in this place as a percentage of kills by friends in the entire game.
 D = Other kills in this place as a percentage of other kills in the entire game.
 E = Experience gained in this place as a percentage of experience gained in the entire game.
 F = Experience gained in this place divided by the number of levels of this place that you have seen.
                   A       B       C       D       E      F
               +-------+-------+-------+-------+-------+----------------------
         Total | 100.0 | 100.0 | 100.0 |  -nan | 100.0 |  17.0
       Dungeon | 100.0 | 100.0 | 100.0 |  -nan | 100.0 |  21.2
               +-------+-------+-------+-------+-------+----------------------

Vault maps used:
D:1:      sevenhm_arrival_forest_fort_large_4, serial_aquarium,
          aquarium_bridge_island_small, aquarium_window_2, aquarium_window_2,
          aquarium_view_2b, aquarium_balcony_3b
D:2:      minivault_14, uniq_crazy_yiuf_cottage
D:3:      tgw_trog, chequers_temple_overflow_statue_of_worship,
          serial_bayou_pond_e
D:4:      minmay_temple_entry_statues_pillars, first_bread,
          hangedman_decor_clover_reticule, nicolae_alphabet_shops
Temple:   jpeg_temple_clearing
